 Dungeon Crawl Stone Soup version 0.29.1-2-gbd0b4ee654 (webtiles) character file.

Game seed: 5973853399757216661

42881 nshep25 the Severer (level 13, 0/122 HPs)
             Began as a Minotaur Fighter on Nov 7, 2022.
             Was an Initiate of Gozag.
             Slain by a sun demon (15 damage)
             ... summoned by an orc high priest
             ... on level 2 of the Orcish Mines on Nov 8, 2022.
             The game lasted 00:56:11 (19455 turns).

nshep25 the Severer (Minotaur Fighter)             Turns: 19455, Time: 00:56:12

Health: 0/122      AC: 18    Str: 32    XL:     13   Next: 87%
Magic:  12/12      EV:  9    Int:  5    God:    Gozag
Gold:   3771       SH: 18    Dex: 10    Spells: 12/12 levels left

rFire   . . .      SeeInvis .   g - +3 broad axe (vamp)
rCold   . . .      Faith    .   I - +2 kite shield
rNeg    + . .      Spirit   .   J - +0 plate armour {rN+}
rPois   .          Reflect  +   (helmet restricted)
rElec   .          Harm     .   (no cloak)
rCorr   .          Rampage  .   q - +0 pair of gloves
Will    +....                   n - +0 pair of boots
Stlth   ..........              F - amulet of reflection
HPRegen 0.30/turn               f - ring of willpower
MPRegen 0.13/turn               Q - +6 ring of strength

@: gold aura
A: horns 2, retaliatory headbutt
a: Renounce Religion, Potion Petition, Call Merchant, Bribe Branch


You were on level 2 of the Orcish Mines.
You worshipped Gozag.
Gozag was most pleased with you.
You visited 3 branches of the dungeon, and saw 14 of its levels.

You collected 3879 gold pieces.
You paid 108 gold pieces to Gozag.

Inventory:

Hand Weapons
 g - a +3 vampiric broad axe (weapon)
 H - a +6 broad axe of freezing
Missiles
 c - 3 silver boomerangs
 i - 4 javelins
 t - 16 boomerangs (quivered)
Armour
 n - a +0 pair of boots (worn)
 q - a +0 pair of gloves (worn)
 u - +1 ice dragon scales
 I - a +2 kite shield (worn)
 J - a +0 plate armour of positive energy (worn)
Jewellery
 f - a ring of willpower (left hand)
 k - a ring of protection from fire
 s - a ring of resist corrosion
 y - an amulet of guardian spirit
 D - a +4 ring of evasion
 F - an amulet of reflection (around neck)
 Q - a +6 ring of strength (right hand)
Wands
 a - a wand of mindburst (2)
 A - a wand of charming (8)
 B - a wand of roots (9)
 M - a wand of digging (7)
Scrolls
 e - 4 scrolls of amnesia
 o - 2 scrolls of fear
 v - 5 scrolls of butterflies
 x - 2 scrolls of blinking
 G - 4 scrolls of teleportation
Potions
 d - 4 potions of might
 h - a potion of berserk rage
 j - 3 potions of brilliance
 m - a potion of haste
 p - 2 potions of heal wounds
 r - 11 potions of curing
 z - a potion of magic
 E - 2 potions of cancellation
 O - a potion of ambrosia
 P - a potion of mutation
Miscellaneous
 b - a condenser vane
 w - a phial of floods


   Skills:
 + Level 13.5 Fighting
 + Level 18.6 Axes
 + Level 1.3 Throwing
 + Level 12.6 Armour
 + Level 6.2 Dodging
 + Level 3.2 Stealth
 + Level 11.2 Shields


You had 12 spell levels left.
You didn't know any spells.
Your spell library contained the following spells:

 Spells                   Type           Power      Damage    Failure   Level
 Foxfire                  Conj/Fire      0%         2x1d4     99%         1
 Conjure Flame            Conj/Fire      0%         6-21      100%        3
 Ignite Poison            Fire/Tmut/Pois 0%         N/A       100%        3
 Inner Flame              Hex/Fire       0%         N/A       100%        3
 Mephitic Cloud           Conj/Pois/Air  0%         N/A       100%        3
 Stone Arrow              Conj/Erth      0%         3d7       100%        3
 Animate Armour           Summ/Erth      0%         N/A       100%        4
 Flame Wave               Conj/Fire      0%         2d4       100%        4
 Blade Hands              Tmut           0%         N/A       100%        5
 Freezing Cloud           Conj/Ice/Air   0%         6-21      100%        5
 Iron Shot                Conj/Erth      0%         9d1       100%        6
 Haunt                    Necr/Summ      0%         N/A       100%        7
 Malign Gateway           Summ/Tloc      0%         N/A       100%        7
 Infestation              Necr           0%         N/A       100%        8
 Lehudib's Crystal Spear  Conj/Erth      0%         10d2      100%        8
 Summon Horrible Things   Summ           0%         N/A       100%        8
 Animate Dead             Necr           Unusable   N/A       N/A         4

Dungeon Overview and Level Annotations

Branches:
Dungeon (11/15)            Temple (1/1) D:5            Lair (0/5) D:8
    Orc (2/2) D:10            Elf (0/3) Orc:2

Altars:
Ashenzari
Cheibriados
Dithmenos
Elyvilon
Fedhas
Gozag
Hepliaklqana
Kikubaaqudgha
Makhleb
Nemelex Xobeh
Okawaru
Qazlal
Ru
Sif Muna
Trog
Uskayaw
Vehumet
Wu Jian
Xom
Yredelemnul
Zin
The Shining One

Shops:
D:7 *   Orc:2 [

Annotations:
D:4 1 runed translucent door


Innate Abilities, Weirdness & Mutations

You have a pair of horns on your head.
You reflexively headbutt those who attack you in melee.


Message History

The smoke demon disappears in a puff of smoke!
You block the orc high priest's attack.
The ynoxinul is engulfed in seething chaos.
The ynoxinul suddenly stops moving!
The orange demon stings you but does no damage.
Your life force feels restored.
You barely miss the sun demon. You headbutt the sun demon.
The sun demon is lightly wounded.
You block the orc high priest's attack. The sun demon hits you!
You are engulfed in flames!
* * * LOW HITPOINT WARNING * * *
You hit the sun demon.
The sun demon is lightly wounded.
You block the orange demon's attack. You block the sun demon's attack.
The orc high priest hits you but does no damage.
There is an open door here.
The sun demon attacks as you move away!
The sun demon hits you but does no damage.
The sun demon hits you!
* * * LOW HITPOINT WARNING * * *
You are engulfed in flames!
* * * LOW HITPOINT WARNING * * *
You block the orc high priest's attack. The sun demon closely misses you.
You block the orange demon's attack. You block the sun demon's attack.
The orc high priest hits you with a +0 trident.
* * * LOW HITPOINT WARNING * * *
You feel much better. The orange demon stings you from afar.
* * * LOW HITPOINT WARNING * * *
The sun demon hits you.
* * * LOW HITPOINT WARNING * * *
You are engulfed in flames!
* * * LOW HITPOINT WARNING * * *
The orc high priest invokes the aid of Beogh against you.
You easily resist.
You feel much better. You block the orange demon's attack.
The sun demon hits you!
* * * LOW HITPOINT WARNING * * *
You are engulfed in flames!
You die...
Your body crumbles into a pile of gold.

....#.#.## #.....##
.........# #∩.....#
.....#...# #...#..#
......##.###########.##
..#.........'...#.....#
...#.##...#.#...#.....#
#...#.#...####..#..#..#
...#.......# #.....#..#
.#.#...#....##.3@..#..#
.8#....#.....###o######
.∩.....#..... #4#
.∩....##..... #$#
.....#.# # ...
.88..#..# ..3..
.8#..#..# #......
.∩.....## #.......
.∩.....# ##...##..


You could see an orc high priest, a sun demon (summoned), an orange demon
(summoned) and a ynoxinul (summoned, paralysed).

Vanquished Creatures
  Donald (Orc:2)
  An orc warlord (Orc:1)
  2 stone giants
  Snorg (Orc:2)
  3 ettins
  6 two-headed ogres
  Urug (Orc:1)
  Sonja (Orc:1)
  7 orc knights (Orc:2)
  Pikel (D:5)
  5 deep elf pyromancers (Orc:2)
  8 orc sorcerers
  4 deep elf zephyrmancers
  16 cyclopes
  Maurice (D:10)
  4 saltlings (Orc:2)
  3 trolls
  4 slime creatures (D:10)
  A wraith (D:10)
  A shadow (D:9)
  15 yaks
  3 wyverns
  2 humans (D:7)
  Eustachio (D:5)
  2 steam dragons
  2 vampire mosquitoes (D:10)
  6 wargs
  4 water moccasins
  An acid dragon (D:10)
  A swamp drake (D:10)
  Duvessa (D:5)
  2 black bears
  24 orc warriors
  3 ice beasts
  2 sky beasts
  7 ogres
  3 centaurs
  4 wolves (Orc:1)
  The ghost of Anandil the Slasher, an amateur DsGl of Okawaru (D:4)
  2 lemures
  3 phantoms
  5 kobold brigands
  A gnoll sergeant (D:7)
  A scorpion (D:5)
  4 bullfrogs
  13 wights
  Dowan (D:5)
  17 killer bees
  5 howler monkeys
  A hound (D:5)
  2 jellies (D:8)
  22 orc priests
  3 gnoll boudas
  3 iguanas (D:4)
  19 orc wizards
  Robin (D:2)
  12 adders
  14 gnolls
  3 white imps
  5 worms
  3 dart slugs
  76 orcs
  4 ball pythons
  6 endoplasms
  2 giant cockroaches
  11 goblins
  8 hobgoblins
  8 jackals
  30 kobolds
  2 quokkas (D:1)
  5 bats
  4 frilled lizards
  A goblin skeleton (D:4)
  A goblin zombie (D:4)
  A hobgoblin zombie (D:4)
  2 kobold skeletons (D:4)
  A kobold zombie (D:4)
  An orc skeleton (D:4)
  2 orc zombies (D:4)
  A rat (D:1)
461 creatures vanquished.

Vanquished Creatures (others)
  An orc warrior (Orc:2)
  2 orcs
  7 pillars of salt (Orc:2)
  A plant (Orc:1)
11 creatures vanquished.

Grand Total: 472 creatures vanquished

Notes
Turn   | Place    | Note
-------+----------+-------------------------------------------
     0 | D:1      | nshep25 the Minotaur Fighter began the quest for the Orb.
     0 | D:1      | Reached XP level 1. HP: 19/19 MP: 0/0
   325 | D:1      | Reached XP level 2. HP: 27/27 MP: 1/1
   884 | D:2      | Reached XP level 3. HP: 33/33 MP: 2/2
  1001 | D:2      | Found a faded altar of an unknown god.
  1182 | D:2      | Reached skill level 3 in Axes
  1222 | D:2      | Reached XP level 4. HP: 38/41 MP: 3/3
  1424 | D:2      | Noticed Robin
  1429 | D:2      | Killed Robin
  1758 | D:3      | Reached skill level 4 in Axes
  1922 | D:3      | Reached XP level 5. HP: 44/47 MP: 4/4
  2634 | D:4      | Found a glowing golden altar of the Shining One.
  2637 | D:4      | Reached skill level 5 in Axes
  2737 | D:4      | Noticed a water moccasin
  2743 | D:4      | Killed a water moccasin
  2744 | D:4      | Reached skill level 5 in Armour
  2744 | D:4      | Reached XP level 6. HP: 25/53 MP: 5/5
  3203 | D:4      | Reached skill level 6 in Axes
  3203 | D:4      | Reached skill level 1 in Throwing
  3333 | D:4      | Found a glowing silver altar of Zin.
  3638 | D:4      | Reached XP level 7. HP: 47/60 MP: 6/6
  3644 | D:4      | Reached skill level 5 in Fighting
  3845 | D:4      | Found a runed translucent door.
  3854 | D:4      | Noticed Anandil's ghost (amateur DsGl)
  3869 | D:4      | Found a runed translucent door.
  4387 | D:4      | Killed Anandil's ghost
  4388 | D:4      | Reached skill level 1 in Dodging
  4479 | D:5      | Entered Level 5 of the Dungeon
  4482 | D:5      | Noticed Dowan
  4483 | D:5      | Noticed Duvessa
  4489 | D:4      | Reached skill level 7 in Axes
  4562 | D:5      | Noticed Pikel
  4563 | D:5      | Killed Duvessa
  4573 | D:5      | Killed Dowan
  4583 | D:5      | Killed Pikel
  4584 | D:5      | Reached skill level 8 in Axes
  4584 | D:5      | Reached XP level 8. HP: 16/70 MP: 1/7
  4851 | D:5      | Noticed Eustachio
  4860 | D:5      | Killed Eustachio
  4861 | D:5      | Reached skill level 9 in Axes
  4861 | D:5      | Reached skill level 5 in Shields
  4951 | D:5      | Found a staircase to the Ecumenical Temple.
  4959 | Temple   | Entered the Ecumenical Temple
  5345 | D:5      | Found a sacrificial altar of Ru.
  5426 | D:5      | Found a snail-covered altar of Cheibriados.
  5706 | D:5      | Reached XP level 9. HP: 79/79 MP: 8/8
  6387 | D:6      | Reached skill level 10 in Axes
  7062 | D:7      | Identified the +2 helmet "Cureyde" {rC- Str+4 Int+2 Stlth+}
  7169 | D:7      | Reached skill level 11 in Axes
  7370 | D:7      | Identified the +1 leather armour of Divine Intervention
                  | {Str+2 Int-3 Dex+2 SInv}
  7422 | D:7      | Found Wuficown's Assorted Antiques.
  7477 | D:7      | Found an iron altar of Okawaru.
  7490 | D:7      | Reached XP level 10. HP: 37/89 MP: 9/9
  8477 | D:8      | Reached skill level 1 in Stealth
  8562 | D:8      | Found a large runed translucent door.
  8562 | D:8      | Found a large runed translucent door.
  8812 | D:8      | Reached skill level 12 in Axes
  8857 | D:8      | Found a staircase to the Lair.
  8914 | D:8      | Noticed a cyclops
  8928 | D:8      | Killed a cyclops
  9792 | D:8      | Found an opulent altar of Gozag.
  9795 | D:8      | Became a worshipper of Gozag Ym Sagoz the Greedy
  9802 | D:8      | Found an ornate altar of the Wu Jian Council.
 10046 | D:9      | Found a sparkling altar of Nemelex Xobeh.
 10495 | D:9      | Reached skill level 13 in Axes
 10495 | D:9      | Reached XP level 11. HP: 89/97 MP: 10/10
 10978 | D:10     | Entered Level 10 of the Dungeon
 11469 | D:10     | Noticed a two-headed ogre
 11479 | D:10     | Killed a two-headed ogre
 11480 | D:10     | Reached skill level 10 in Armour
 12102 | D:10     | Reached skill level 10 in Fighting
 12287 | D:10     | Found a staircase to the Orcish Mines.
 12532 | D:10     | Noticed Maurice
 12533 | D:10     | Found a transporter.
 12568 | D:10     | Killed Maurice
 12608 | D:10     | Found a transporter.
 12628 | D:10     | Reached skill level 14 in Axes
 12939 | D:10     | Found a transporter.
 12947 | D:10     | Found a transporter.
 13187 | D:10     | Found a transporter.
 13195 | D:10     | Found a transporter.
 13658 | D:10     | Identified a scroll of acquirement
 13658 | D:10     | Acquired a +2 vampiric broad axe
 13786 | Orc:1    | Entered Level 1 of the Orcish Mines
 13863 | Orc:1    | Noticed a two-headed ogre
 13864 | Orc:1    | Noticed a two-headed ogre
 13874 | Orc:1    | Killed a two-headed ogre
 13879 | Orc:1    | Killed a two-headed ogre
 14024 | Orc:1    | Noticed an orc sorcerer
 14031 | Orc:1    | Reached skill level 15 in Axes
 14034 | Orc:1    | Killed an orc sorcerer
 14036 | Orc:1    | Reached skill level 5 in Dodging
 14036 | Orc:1    | Reached XP level 12. HP: 38/108 MP: 11/11
 14040 | Orc:1    | Noticed Urug
 14055 | Orc:1    | Killed Urug
 14492 | Orc:1    | Reached skill level 16 in Axes
 14664 | Orc:1    | Noticed an ettin
 14664 | Orc:1    | Noticed a stone giant
 14734 | D:10     | Killed a stone giant
 15034 | Orc:1    | Killed an ettin
 15690 | Orc:1    | Noticed a two-headed ogre
 15734 | Orc:1    | Killed a two-headed ogre
 15902 | Orc:1    | Noticed Sonja
 15926 | Orc:1    | Killed Sonja
 16266 | Orc:1    | Reached skill level 17 in Axes
 16566 | Orc:1    | Identified the +10 long sword "Nuptits" {flame, rF++ Will+}
 16568 | Orc:1    | Identified the +0 shortbow of Anxiety {flame, rF- rN+
                  | Int+4}
 16570 | Orc:1    | Identified the +1 morningstar "Fyosmawk" {vorpal, rPois
                  | Int+2}
 16575 | Orc:1    | Identified the +9 war axe "Duycw" {holy, Dex+2}
 16843 | Orc:2    | Entered Level 2 of the Orcish Mines
 16849 | Orc:2    | Reached skill level 10 in Shields
 16905 | Orc:2    | Noticed a two-headed ogre
 16913 | Orc:2    | Killed a two-headed ogre
 16955 | Orc:2    | Reached XP level 13. HP: 118/118 MP: 12/12
 17008 | Orc:2    | Noticed Donald
 17064 | Orc:2    | Killed Donald
 17397 | Orc:2    | Found a staircase to the Elven Halls.
 17876 | Orc:2    | Noticed Snorg
 17893 | Orc:2    | Killed Snorg
 18163 | Orc:2    | Reached skill level 18 in Axes
 18180 | Orc:2    | Noticed an ettin
 18190 | Orc:2    | Noticed a stone giant
 18205 | Orc:2    | Killed an ettin
 18231 | Orc:2    | Killed a stone giant
 18409 | Orc:1    | Noticed an ettin
 18414 | Orc:1    | Killed an ettin
 18427 | Orc:1    | Noticed an orc warlord
 18927 | Orc:1    | Killed an orc warlord
 19386 | Orc:2    | Found Cuphiuc's Antique Armour Shop.
 19455 | Orc:2    | Slain by a sun demon

Illustrated notes

Levels and vault maps discovered:
D:1:      scummos_arrival_forest, layout_loops_ring, hangedman_decor_points,
          minmay_fountain_box
D:2:      layout_basic, ebering_ecumenical_altar_ruins, minmay_pentomino_t4,
          uniq_robin
D:3:      layout_rooms
D:4:      layout_layer_cave, zin_statuary, nicolae_tso_besieged_by_evil,
          ebering_ghost_sewer_f, chequers_big_river, minmay_pentomino_pile
D:5:      layout_rooms, mainiacjoe_overflow_alcove_2,
          mainiacjoe_overflow_boulevard, minmay_temple_entry_mini_moons,
          grunt_tough_drop, uniq_pikel, uniq_duvessa, uniq_eustachio
D:6:      layout_loops_corners, serial_park_tiny_2, hangedman_decor_peaks_small
D:7:      layout_rooms, okawaru_humans, serial_shops, nicolae_shop_hallway_plus,
          chequers_serial_rivers_large_b
D:8:      layout_basic, jmf_multi_god_temple2, lair_entry_dummy, grunt_potential
D:9:      layout_basic, nemelex_spade_bored_becter
D:10:     layout_layer_cave, erik_orc_1, serial_nicolae_subway,
          nicolae_sub_station_crystal, nicolae_sub_station_stone,
          nicolae_sub_station_metal, uniq_maurice
D:11:     layout_loops_corners, ploomutoo_gammafunk_ghost_potion_laboratory,
          minivault_27, hellmonk_guarded_unrand_zhor
Temple:   nicolae_temple_bog_church
Orc:1:    giant_chief_lemuel, layout_caves, minmay_orc_temple_b, uniq_urug,
          uniq_sonja
Orc:2:    hellmonk_orc_salted, layout_caves, elves_outpost_lemuel, uniq_snorg,
          uniq_donald

Skill      XL: |  1  2  3  4  5  6  7  8  9 10 11 12 13 |
---------------+----------------------------------------+-----
Fighting       | 4 6 7 8 9 10 12 13 | 13.5
Armour         | 4 5 7 8 9 10 11 12 | 12.6
Shields        | 4 5 6 8 9 10 11 | 11.2
Axes           | 3 4 5 6 8 9 11 13 15 17 18 | 18.6
Throwing       | 1 |  1.3
Dodging        | 1 2 3 4 5 6 |  6.2
Stealth        | 1 2 3 |  3.2

Action                   |  1- 3 |  4- 6 |  7- 9 | 10-12 | 13-15 || total
-------------------------+-------+-------+-------+-------+-------++-------
Melee: War axe           |    84 |   129 |   240 |   392 |       ||   845
       Headbutt          |    10 |    25 |    47 |   125 |    56 ||   263
       Broad axe         |       |       |       |   214 |   250 ||   464
Throw: Boomerang         |       |    12 |     1 |       |     2 ||    15
  Use: Potion            |       |       |     1 |       |     6 ||     7
       Scroll            |       |       |       |    22 |     1 ||    23
 Stab: Confused          |       |       |       |     2 |       ||     2
       Distracted        |       |       |       |     2 |     3 ||     5
Armor: Scale mail        |    15 |       |       |       |       ||    15
       Chain mail        |    20 |    29 |       |       |       ||    49
       Ice dragon scales |       |    12 |   124 |   160 |    11 ||   307
       Plate armour      |       |       |       |       |    47 ||    47
Dodge: Dodged            |    32 |    49 |    96 |   181 |    64 ||   422
Block: Buckler           |    20 |    32 |   108 |   228 |    11 ||   399
       Reflection        |       |       |       |     6 |     6 ||    12
       Kite shield       |       |       |       |       |   182 ||   182
